 Dungeon Crawl Stone Soup version 0.29.0-5-ge4962eb29e (webtiles) character file.

Game seed: 1266412628329143058

16 PieDemon the Chopper (level 3, 0/31 HPs)
             Began as a Meteoran Abyssal Knight on Aug 29, 2022.
             Was a Believer of Lugonu.
             Slain by a hobgoblin (4 damage)
             ... on level 1 of the Dungeon.
             The game lasted 00:01:22 (287 turns).

PieDemon the Chopper (Meteoran Abyssal Knight)       Turns: 287, Time: 00:01:22

Health: 0/31       AC:  4    Str: 16    XL:     3   Next: 0%
Magic:  6/6        EV: 11    Int: 12    God:    Lugonu [**....]
Gold:   7          SH:  0    Dex: 14    Spells: 2/2 levels left

rFire   . . .      SeeInvis .   a - +1 hand axe
rCold   . . .      Faith    .   (no shield)
rNeg    . . .      Spirit   .   b - +0 leather armour
rPois   .          Reflect  .   (no helmet)
rElec   .          Harm     .   (no cloak)
rCorr   .          Rampage  .   (no gloves)
Will    .....                   c - +0 pair of boots
Stlth   +.........              e - amulet of the acrobat
HPRegen 0.10/turn               (no ring)
MPRegen 0.10/turn               (no ring)

@: glowing
A: sense surroundings 1, otherworldly, glowing, explore regen
a: Renounce Religion, Depart the Abyss, Bend Space


You were on level 1 of the Dungeon.
You worshipped Lugonu.
Lugonu was pleased with you.
You visited 1 branch of the dungeon, and saw 2 of its levels.
You visited the Abyss 1 time.

You collected 7 gold pieces.

Inventory:

Hand Weapons
 a - a +1 hand axe (weapon)
 f - a +1 short sword of venom
Armour
 b - a +0 leather armour (worn)
 c - a +0 pair of boots (worn)
Jewellery
 e - an amulet of the acrobat (around neck)
Scrolls
 d - 2 scrolls of identify {unknown}
Potions
 g - a potion of curing {unknown}


   Skills:
 - Level 3.2 Fighting
 * Level 3.4 Axes
 - Level 2.4 Armour
 - Level 1.2 Dodging
 + Level 3.0 Invocations


You had 2 spell levels left.
You didn't know any spells.
Your spell library was empty.

Dungeon Overview and Level Annotations

Branches:
Dungeon (2/15) Zot: 904

Altars:


Innate Abilities, Weirdness & Mutations

You passively map a small area around you.
You are easily found by Zot.
You glow in the dark.
You regain HP and MP as you explore.


Message History

The jackal bites you. The jackal completely misses you.
You completely miss the jackal.
The jackal is heavily wounded.
The jackal closely misses you.
You closely miss the jackal.
The jackal is heavily wounded.
The jackal closely misses you. The jackal bites you.
You barely miss the jackal.
The jackal is heavily wounded.
The jackal bites you.
* * * LOW HITPOINT WARNING * * *
The jackal bites you but does no damage.
You hit the jackal but do no damage.
The jackal is heavily wounded.
The jackal bites you.
* * * LOW HITPOINT WARNING * * *
You hit the jackal.
You kill the jackal!
Lugonu accepts your kill.
The giant cockroach bites you but does no damage.
Your Invocations skill increases to level 3!
You completely miss the giant cockroach.
The giant cockroach completely misses you.
You hit the giant cockroach.
The giant cockroach is severely wounded.
The giant cockroach bites you.
* * * LOW HITPOINT WARNING * * *
The giant cockroach bites you.
* * * LOW HITPOINT WARNING * * *
You slash the giant cockroach!
You kill the giant cockroach!
Lugonu accepts your kill.
You have reached level 3!
Your experience leads to an increase in your attributes!
Increase (S)trength, (I)ntelligence, or (D)exterity?
You feel stronger. x2; You feel clever.
You hit the hobgoblin.
The hobgoblin is heavily wounded.
The hobgoblin hits you.
You die...

.... * * #.###...######.#
... , * #...# ### , #.. ,,
, #...# ,#..##########...#
..#...........#...########
..............'...........
, #...........##########..
.#.###'########* ,* #..
.........@g..>.# #..
....###+###...... #.. ..
..... #.. , ...# , #.. ,,
, , , ..# *#..#.. ,,, ,.#
#.... , # ##### , , ##.. ,
##...


You could see a hobgoblin.

Vanquished Creatures
  2 bats (D:1)
  A giant cockroach (D:1)
  A goblin (D:1)
  3 jackals (D:1)
  2 kobolds (D:1)
  2 quokkas (D:1)
  2 rats (D:1)
13 creatures vanquished.

Notes
Turn   | Place    | Note
-------+----------+-------------------------------------------
     0 | Abyss:1  | PieDemon the Meteoran Abyssal Knight began the quest for
                  | the Orb.
     0 | Abyss:1  | Reached XP level 1. HP: 19/19 MP: 3/3
     1 | D:1      | Escaped the Abyss
    91 | D:1      | Reached XP level 2. HP: 18/26 MP: 4/4
   287 | D:1      | Reached XP level 3. HP: 4/31 MP: 6/6
   287 | D:1      | Slain by a hobgoblin

Illustrated notes

Levels and vault maps discovered:
D:1:      ebering_trefoil_3fold, layout_basic
D:2:      layout_loops_corners, basic_altar, hellmonk_ecumenical_altar_zigzags,
          uniq_natasha, uniq_crazy_yiuf_cottage, uniq_jessica

Skill      XL: |  1  2 |
---------------+-------+-----
Axes           | 3 |  3.4
Invocations    | 3 |  3.0
Fighting       | |  3.2
Armour         | |  2.4
Dodging        | |  1.2

Action                   || total
-------------------------++-------
Melee: Hand axe          ||    56
       Punch             ||     2
Armor: Leather armour    ||    27
Dodge: Dodged            ||    32
